 Dungeon Crawl Stone Soup version 0.29-a0-393-g47a863cc1b (webtiles) character file.

Game seed: 6882797119596000609

79 jimonade the Conjurer (level 4, 0/24 HPs)
             Began as a Deep Elf Conjurer on May 9, 2022.
             Killed from afar by an orc wizard (6 damage)
             ... with a puff of flame
             ... on level 4 of the Dungeon.
             The game lasted 00:04:18 (2621 turns).

jimonade the Conjurer (Deep Elf Conjurer)           Turns: 2621, Time: 00:04:19

Health: 0/24       AC:  3    Str:  6    XL:     4   Next: 16%
Magic:  1/11       EV: 12    Int: 23    God:
Gold:   134        SH:  0    Dex: 13    Spells: 7/10 levels left

rFire   . . .      SeeInvis .   (no weapon)
rCold   . . .      Faith    .   (no shield)
rNeg    . . .      Spirit   .   a - +0 robe
rPois   .          Reflect  .   l - +0 helmet "Maotzurr" {rCorr}
rElec   .          Harm     .   (no cloak)
rCorr   +          Rampage  .   (no gloves)
Will    .....                   (no boots)
Stlth   ++........              (no amulet)
HPRegen 0.08/turn               (no ring)
MPRegen 0.12/turn               (no ring)

@: no status effects
A: no striking features
a: no special abilities


You were on level 4 of the Dungeon.
You visited 1 branch of the dungeon, and saw 4 of its levels.

You collected 134 gold pieces.

Inventory:

Hand Weapons
 j - a +0 dagger
Missiles
 s - 30 stones
Armour
 a - a +0 robe (worn)
 k - a +0 ring mail
 l - the +0 helmet "Maotzurr" (worn) {rCorr}
   (You found it on level 2 of the Dungeon)

   rCorr:     It protects you from acid and corrosion.
Jewellery
 c - a ring of willpower
 u - a ring of flight
Wands
 r - a wand of paralysis (14)
Scrolls
 d - 2 scrolls of teleportation {unknown}
 i - 2 scrolls of poison {unknown}
 m - a scroll of fog {unknown}
 n - 3 scrolls of identify {unknown}
 q - a scroll of enchant armour {unknown}
 v - a scroll of vulnerability {unknown}
 w - a scroll of summoning {unknown}
Potions
 b - a potion of magic
 e - 2 potions of curing {unknown}
 f - a potion of attraction {unknown}
 g - a potion of invisibility {unknown}
 h - a potion of ambrosia {unknown}
 o - 3 potions of degeneration {unknown}
 p - a potion of lignification {unknown}
 t - a potion of heal wounds {unknown}


   Skills:
 - Level 2.4 Dodging
 - Level 2.4 Stealth
 + Level 3.8 Spellcasting
 + Level 5.9 Conjurations
 * Level 0.4 Hexes


You had 7 spell levels left.
You knew the following spells:

 Your Spells              Type           Power      Damage    Failure   Level
a - Magic Dart            Conj           100%       1d8       1%          1
b - Searing Ray           Conj           62%        2d6       1%          2

Your spell library contained the following spells:

 Spells                   Type           Power      Damage    Failure   Level
 Slow                     Hex            24%        N/A       9%          1
 Dazzling Flash           Conj/Hex       36%        N/A       9%          3
 Confusing Touch          Hex            6%         N/A       26%         3
 Fulminant Prism          Conj/Hex       9%         3d7       28%         4
 Iskenderun's Mystic Bla  Conj/Tloc      18%        2d6       30%         4
 Vampiric Draining        Necr           4%         2d6       32%         3
 Animate Dead             Necr           2%         N/A       71%         4
 Haunt                    Necr/Summ      2%         N/A       100%        7
 Infestation              Necr           2%         N/A       100%        8


Dungeon Overview and Level Annotations

Branches:
Dungeon (4/15)
 Temple: D:4-7

Altars:
Hepliaklqana

Annotations:
D:4 1 runed translucent door, powerkranz's ghost, amateur DsBe


Message History

Aim: an orc wizard, wielding a +0 dagger and wearing a +0 robe (moderately wounded, 74% to hit)
The searing ray hits the orc wizard.
The orc wizard is heavily wounded. (Press . to maintain the ray.)
The orc wizard closely misses you.
The searing ray hits the orc wizard.
The orc wizard is heavily wounded.
The orc wizard hits you but does no damage.
The searing ray hits the orc wizard but does no damage.
The orc wizard is heavily wounded.
The orc wizard gestures wildly while chanting.
The orc wizard flickers and vanishes!
Deactivating autopickup; reactivate with Ctrl-A.
Casting: Searing Ray (safe; 1% risk of failure)
Confirm with . or Enter, or press ? or * to list all spells.
Okay, then.
Casting: Searing Ray (safe; 1% risk of failure)
Confirm with . or Enter, or press ? or * to list all spells.
Okay, then.
Casting: Searing Ray (safe; 1% risk of failure)
Confirm with . or Enter, or press ? or * to list all spells.
Aiming: Magic Dart (safe; 1% risk of failure)
Press: ? - help, Shift-Dir - straight line The magic dart hits something.
Something completely misses you.
Casting: Magic Dart (safe; 1% risk of failure)
Confirm with . or Enter, or press ? or * to list all spells.
You don't have enough magic to cast this spell.
Unknown command.
Unknown command.
You closely miss something. Something hits you but does no damage.
You closely miss something. Something hits you.
* * * LOW HITPOINT WARNING * * *
You hit something but do no damage. Something hits you.
* * * LOW HITPOINT WARNING * * *
You barely miss something. Something hits you but does no damage.
You hit something but do no damage.
You hear some strange, mumbled words.
A puff of flame appears from out of thin air!
The puff of flame hits you.
You die...

.... . ... ..
... ... .. .
....####.####..
...............
.............#
.......@.....#
#####8..{......
oo#....##....
#.W#...## ...
8#.o#...# .
##..#....
..#.#....
..#.+....


You could see an orc priest, powerkranz's ghost and 2 orcs.

Vanquished Creatures
  2 adders (D:2)
  A worm (D:2)
  3 dart slugs
  2 orcs (D:3)
  4 endoplasms
  2 goblins
  2 hobgoblins
  6 jackals
  A quokka (D:2)
  10 ball pythons
  4 bats
  3 frilled lizards
  A kobold (D:1)
  7 rats
48 creatures vanquished.

Notes
Turn   | Place    | Note
-------+----------+-------------------------------------------
     0 | D:1      | jimonade the Deep Elf Conjurer began the quest for the Orb.
     0 | D:1      | Reached XP level 1. HP: 10/10 MP: 6/6
   408 | D:1      | Found a faded altar of an unknown god.
   420 | D:1      | Reached XP level 2. HP: 15/15 MP: 1/8
   499 | D:1      | Reached skill level 5 in Conjurations
  1334 | D:2      | Found a hazy altar of Hepliaklqana.
  1338 | D:2      | Identified the +0 helmet "Maotzurr" {rCorr}
  1515 | D:2      | Reached XP level 3. HP: 19/19 MP: 6/9
  1518 | D:2      | Learned a level 2 spell: Searing Ray
  2334 | D:2      | Reached XP level 4. HP: 24/24 MP: 0/11
  2612 | D:4      | Found a runed translucent gate.
  2613 | D:4      | Noticed powerkranz's ghost (amateur DsBe)
  2621 | D:4      | Killed from afar by an orc wizard

Illustrated notes

Levels and vault maps discovered:
D:1:      ncdulo_smallfort, layout_loops_corners, basic_ecumenical_altar
D:2:      layout_basic, basic_altar
D:3:      layout_basic, old_standard_altar, amcnicky_mini_pool_small,
          uniq_grinder
D:4:      layout_cave_pools, nicolae_ossuary_entry_ruins,
          biasface_ghost_orc_armoury, minmay_fractal_squares_gapless_5

Skill      XL: |  1  2 |
---------------+-------+-----
Conjurations   | 5 |  5.9
Dodging        | |  2.4
Stealth        | |  2.4
Spellcasting   | |  3.8
Hexes          | |  0.4

Action                   |  1- 3 |  4- 6 || total
-------------------------+-------+-------++-------
Melee: Unarmed           |       |     5 ||     5
 Cast: Magic Dart        |    77 |    11 ||    88
       Searing Ray       |     2 |     2 ||     4
Armor: Robe              |       |     3 ||     3
Dodge: Dodged            |     5 |     3 ||     8

Table legend: (Time is in decaauts)
 A = Elapsed time spent in this place.
 B = Non-inter-level travel time spent in this place.
 C = Inter-level travel time spent in this place.
 D = Time resting spent in this place.
 E = Time spent auto-exploring this place.
 F = Levels seen in this place.
 G = Mean time per level.
                   A        B        C        D        E       F      G
               +--------+--------+--------+--------+--------+-----+--------+
         Total |   2620 |   2474 |    146 |    252 |   1968 |   4 |  655.0 |
       Dungeon |   2620 |   2474 |    146 |    252 |   1968 |   4 |  655.0 |
               +--------+--------+--------+--------+--------+-----+--------+

Top non-repeatable levels by time:
     D:1: 1334 daAuts
     D:2: 1193 daAuts
     D:3: 83 daAuts
     D:4: 8 daAuts
